 Dungeon Crawl Stone Soup version 0.29.1-2-gbd0b4ee654 (webtiles) character file.

Game seed: 10795123781606136472

877 styxcanada the Covert (level 7, 0/35 HPs)
             Began as a Spriggan Brigand on Oct 26, 2022.
             Slain by Grinder (6 damage)
             ... on level 5 of the Dungeon.
             The game lasted 00:21:44 (5298 turns).

styxcanada the Covert (Spriggan Brigand)            Turns: 5298, Time: 00:21:44

Health: 0/35       AC: 11    Str: 11    XL:     7   Next: 75%
Magic:  12/12      EV: 19    Int: 13    God:
Gold:   288        SH:  0    Dex: 18    Spells: 10/11 levels left

rFire   . . .      SeeInvis +   a - +2 dagger (protect)
rCold   . . .      Faith    .   (no shield)
rNeg    . . .      Spirit   .   k - +0 robe of Futuristic the Good {Fly Str+4}
rPois   .          Reflect  .   (helmet restricted)
rElec   .          Harm     .   c - +1 cloak
rCorr   .          Rampage  .   (gloves unavailable)
Will    +....                   (boots unavailable)
Stlth   +++++.....              (no amulet)
HPRegen 0.11/turn               (no ring)
MPRegen 0.13/turn               (no ring)

@: under a protective aura, on berserk cooldown, flying, slowed, quick
A: very small, no large weapons, unfitting armour, see invisible, speed 3
a: no special abilities


You were on level 5 of the Dungeon.
You visited 2 branches of the dungeon, and saw 6 of its levels.

You collected 288 gold pieces.

Inventory:

Hand Weapons
 a - a +2 dagger of protection (weapon)
 i - a +0 sling
 s - a +4 quarterstaff of chaos
Missiles
 d - a poisoned dart (quivered)
 e - 3 curare-tipped darts
 h - 29 stones
 q - 3 atropa-tipped darts
Armour
 c - a +1 cloak (worn)
 k - the +0 robe of Futuristic the Good (worn) {Fly Str+4}
   (You found it on level 4 of the Dungeon)

   Str:       It affects your strength (+4).
   Fly:       It grants you flight.
Jewellery
 l - a ring of flight
Wands
 x - a wand of flame (7)
Scrolls
 b - a scroll of butterflies
 m - 4 scrolls of teleportation
Potions
 f - a potion of curing
 g - a potion of berserk rage
 j - a potion of resistance
 n - a potion of ambrosia
 o - 3 potions of haste
 t - a potion of magic
 v - 2 potions of cancellation
 z - a potion of might


   Skills:
 * Level 2.7 Fighting
 + Level 3.5 Short Blades
 + Level 3.2 Throwing
 * Level 4.4 Dodging
 * Level 9.8 Stealth
 * Level 2.7 Spellcasting
 * Level 1.6 Conjurations
 * Level 2.9 Evocations


You had 10 spell levels left.
You knew the following spells:

 Your Spells              Type           Power      Damage    Failure   Level
a - Magic Dart            Conj           24%        1d4       12%         1

Your spell library contained the following spells:

 Spells                   Type           Power      Damage    Failure   Level
 Beastly Appendage        Tmut           2%         N/A       24%         1
 Call Imp                 Summ           1%         N/A       34%         2
 Scorch                   Fire           2%         2d5       34%         2
 Mephitic Cloud           Conj/Pois/Air  3%         N/A       50%         3
 Flame Wave               Conj/Fire      4%         2d5       86%         4
 Ice Form                 Ice/Tmut       1%         N/A       93%         4
 Iron Shot                Conj/Erth      2%         9d2       100%        6
 Summon Cactus Giant      Summ           0%         N/A       100%        6
 Shatter                  Erth           0%         3d5*      100%        9


Dungeon Overview and Level Annotations

Branches:
Dungeon (5/15)             Temple (1/1) D:5

Altars:
Fedhas
Hepliaklqana
Nemelex Xobeh
Okawaru
Ru
Trog
Uskayaw
Vehumet
Wu Jian
Zin
The Shining One

Shops:
D:1 (

Annotations:
D:5 Grinder


Innate Abilities, Weirdness & Mutations

You are very small and have problems with some larger weapons.
You are too small for most types of armour.
You have supernaturally acute eyesight. (SInv)
You cover ground extremely quickly. (Speed+++)


Message History

Press: ? - help, Q - select action, (/) - cycle Shift-Dir - straight line, f/p - Grinder
Aim: Grinder (moderately wounded, 60% to hit)
You throw a poisoned dart. The poisoned dart hits Grinder.
Grinder is poisoned.
Grinder is moderately wounded.
Unknown command.
You closely miss Grinder.
Grinder is moderately wounded.
You closely miss Grinder.
Grinder is moderately wounded.
Grinder closely misses you.
You hit Grinder.
Your weapon exudes an aura of protection.
Grinder is heavily wounded.
Grinder closely misses you.
You closely miss Grinder.
Grinder is heavily wounded.
Grinder completely misses you.
You hit Grinder but do no damage.
Grinder is heavily wounded.
Grinder hits you but does no damage.
You hit Grinder. You punch Grinder, but do no damage.
Grinder is severely wounded.
You hit Grinder.
Grinder is severely wounded.
Grinder hits you.
You writhe in agony.
* * * LOW HITPOINT WARNING * * *
You hit Grinder.
Grinder is severely wounded.
Grinder hits you but does no damage.
A red film seems to cover your vision as you go berserk!
You feel yourself moving faster!
You feel mighty!
Grinder blinks!
You feel a strong urge to attack something.
Grinder looks more healthy.
You feel your anger nearly subside.
You are no longer berserk.
You are exhausted.
You feel yourself slow down. Grinder hits you.
* * * LOW HITPOINT WARNING * * *
You writhe in agony.
You die...

#.#...............#
#.#...............#
.................#####
#...................#
#..............g....#
#.>.................####
#....o5...5.............
##.†########............
#...)5@§.((()(....(()g(
#.#########............
####.##### #.........###
#........# ............#
#........#.........#######
#........#.........##.....
####.#####.........##.....
#.# #.........##..... #.##
#.....


You could see Grinder.

Vanquished Creatures
  Sigmund (D:5)
  Menkaure (D:5)
  A black bear (D:4)
  A phantom (D:5)
  A scorpion (D:4)
  2 hounds (D:5)
  A jelly (D:4)
  An orc priest (D:4)
  Crazy Yiuf (D:3)
  An orc wizard (D:5)
  4 gnolls (D:5)
  6 adders
  A white imp (D:5)
  An ufetubus (D:4)
  2 worms (D:3)
  3 dart slugs
  13 orcs
  8 endoplasms
  2 giant cockroaches (D:1)
  7 goblins
  4 hobgoblins
  8 jackals
  7 kobolds
  4 quokkas
  3 ball pythons
  5 bats
  8 frilled lizards
  8 rats
105 creatures vanquished.

Vanquished Creatures (others)
  A plant (D:5)
1 creature vanquished.

Grand Total: 106 creatures vanquished

Notes
Turn   | Place    | Note
-------+----------+-------------------------------------------
     0 | D:1      | styxcanada the Spriggan Brigand began the quest for the
                  | Orb.
     0 | D:1      | Reached XP level 1. HP: 10/10 MP: 2/2
    62 | D:1      | Reached skill level 6 in Stealth
   113 | D:1      | Found Baotyk's Antique Weapon Shop.
   158 | D:1      | Reached XP level 2. HP: 14/14 MP: 3/3
   190 | D:1      | Got Sif Muna's Incunabulum of Earth and Transmutation
   391 | D:1      | Found a faded altar of an unknown god.
   433 | D:1      | Reached XP level 3. HP: 18/18 MP: 4/4
   711 | D:1      | Reached skill level 7 in Stealth
  1385 | D:2      | Reached XP level 4. HP: 23/23 MP: 5/5
  1461 | D:2      | Learned a level 1 spell: Magic Dart
  1982 | D:3      | Reached skill level 8 in Stealth
  2195 | D:3      | Found a runed translucent door.
  2196 | D:3      | Noticed Crazy Yiuf
  2203 | D:3      | Killed Crazy Yiuf
  2204 | D:3      | Reached XP level 5. HP: 26/26 MP: 6/6
  2833 | D:4      | Found a radiant altar of Vehumet.
  2833 | D:4      | Found a hide-covered altar of Uskayaw.
  2834 | D:4      | Found a blossoming altar of Fedhas.
  2834 | D:4      | Found a glowing silver altar of Zin.
  2837 | D:4      | Noticed a black bear
  2858 | D:4      | Killed a black bear
  2859 | D:4      | Reached skill level 1 in Spellcasting
  3193 | D:4      | Reached skill level 9 in Stealth
  3193 | D:4      | Reached skill level 1 in Evocations
  3193 | D:4      | Reached XP level 6. HP: 3/30 MP: 7/9
  3909 | D:4      | Identified the +0 robe of Futuristic the Good {Fly Str+4}
  4464 | D:5      | Entered Level 5 of the Dungeon
  4464 | D:5      | Noticed Sigmund
  4528 | D:5      | Found a bloodstained altar of Trog.
  4536 | D:5      | Reached skill level 1 in Conjurations
  4634 | D:5      | Noticed Menkaure
  4640 | D:5      | Killed Menkaure
  4641 | D:5      | Reached XP level 7. HP: 35/35 MP: 11/11
  4749 | D:5      | Noticed Grinder
  4756 | D:5      | Paralysed by Grinder for 3 turns
  4787 | D:5      | Found a staircase to the Ecumenical Temple.
  4818 | Temple   | Entered the Ecumenical Temple
  5079 | D:5      | Killed Sigmund
  5298 | D:5      | Slain by Grinder

Illustrated notes

Levels and vault maps discovered:
D:1:      reono_arrival_mine, layout_loops_ring, serial_shops,
          nicolae_shop_stone, hellmonk_ecumenical_altar_crossroads,
          minmay_pentomino_v4
D:2:      layout_basic, kennysheep_cross_bottleneck,
          chequers_serial_rivers_micro_c
D:3:      layout_loops_ring, grunt_decor_clamped, kennysheep_generic_room_6,
          uniq_crazy_yiuf_cottage
D:4:      layout_gridville, chequers_temple_overflow_statue_of_worship
D:5:      layout_basic, bloody_trog, mainiacjoe_overflow_surrounded_room,
          minmay_temple_entry_overgrown, uniq_sigmund, uniq_grinder,
          uniq_menkaure
Temple:   hellmonk_temple_two_chambers

Skill      XL: |  1  2  3  4  5  6  7 |
---------------+----------------------+-----
Stealth        | 6 7 8 9 |  9.8
Dodging        | 2 3 4 |  4.4
Fighting       | 2 |  2.7
Spellcasting   | 1 2 |  2.7
Evocations     | 1 2 |  2.9
Conjurations   | 1 |  1.6
Short Blades   | 3 |  3.5
Throwing       | 3 |  3.2

Action                   |  1- 3 |  4- 6 |  7- 9 || total
-------------------------+-------+-------+-------++-------
Melee: Dagger            |    90 |   147 |    69 ||   306
       Punch             |     2 |     5 |     2 ||     9
Throw: Dart              |     6 |    33 |    42 ||    81
 Cast: Magic Dart        |       |     3 |       ||     3
Evoke: Wand              |       |     1 |     1 ||     2
  Use: Scroll            |     5 |    15 |     2 ||    22
       Potion            |       |       |     2 ||     2
 Stab: Sleeping          |    17 |    13 |     1 ||    31
       Distracted        |       |       |     1 ||     1
Armor: Robe              |    15 |    34 |    19 ||    68
Dodge: Dodged            |    86 |    99 |    51 ||   236
